 Dungeon Crawl Stone Soup version 0.30-a0-591-g3c58d2bc28 (webtiles) character file.

Game seed: 889147958374120742

128 wormed the Insei (level 5, 0/27 (34) HPs)
             Began as an Octopode Transmuter on Jan 5, 2023.
             Succumbed to an adder's poison
             ... on level 3 of the Dungeon.
             The game lasted 00:02:12 (2295 turns).

wormed the Insei (Octopode Transmuter)              Turns: 2295, Time: 00:02:13

HP:   0/27 (34)     AC:  1    Str: 10    XL:     5   Next: 11%
MP:   6/8           EV: 13    Int: 17    God:
Gold: 180           SH:  0    Dex: 12    Spells: 6/9 levels left

rFire   . . .      SeeInvis .      - Unarmed
rCold   . . .      Faith    .    (no shield)
rNeg    . . .      Spirit   .    (helmet currently unavailable)
rPois   .          Reflect  .    (no amulet)
rElec   .          Harm     .    (no ring)
rCorr   .          Rampage  .    (no ring)
Will    .....                    (no ring)
Stlth   ++                       (no ring)
HPRegen 0.24/turn                (no ring)
MPRegen 0.11/turn                (no ring)
                                 (no ring)
                                 (no ring)

@: lethally poisoned (0 -> -5), appendages (expiring), wereblooded, heavily
drained
A: tentacle spike 3, almost no armour, amphibious, 8 rings, camouflage 1,
gelatinous body 1, (nimble swimmer 1), tentacles
a: End Transformation


You were on level 3 of the Dungeon.
One of your tentacles had grown a beastly spike.
You visited 1 branch of the dungeon, and saw 3 of its levels.

You collected 180 gold pieces.

Inventory:

Jewellery
 f - a ring of magical power
Scrolls
 c - 2 scrolls of fog {unknown}
 e - 4 scrolls of teleportation {unknown}
 i - 2 scrolls of identify {unknown}
 j - 3 scrolls of torment {unknown}
 k - 3 scrolls of vulnerability {unknown}
Potions
 a - a potion of lignification
 b - 3 potions of heal wounds {unknown}
 d - 3 potions of curing {unknown}
 g - 2 potions of magic {unknown}
 h - a potion of degeneration {unknown}


   Skills:
 + Level 1.9 Fighting
 + Level 2.5 Dodging
 + Level 3.4 Unarmed Combat
 + Level 2.5 Spellcasting
 * Level 3.2 Transmutations
 + Level 1.2 Ice Magic


You had 6 spell levels left.
You knew the following spells:

 Your Spells              Type           Power      Damage    Failure   Level
a - Beastly Appendage     Tmut           26%        N/A       4%          1
b - Wereblood             Tmut           13%        N/A       8%          2

Your spell library contained the following spells:

 Spells                   Type           Power      Damage    Failure   Level
 Ensorcelled Hibernation  Hex/Ice        8%         N/A       22%         2
 Spider Form              Tmut/Pois      7%         N/A       28%         3
 Portal Projectile        Hex/Tloc       4%         N/A       50%         3
 Tukima's Dance           Hex            2%         N/A       50%         3
 Ice Form                 Ice/Tmut       9%         N/A       58%         4
 Blade Hands              Tmut           6%         N/A       80%         5
 Anguish                  Hex/Necr       1%         N/A       88%         4


Dungeon Overview and Level Annotations

Branches:
Dungeon (3/15)

Altars:
Gozag


Innate Abilities, Weirdness & Mutations

One of your tentacles has grown a beastly spike.
You cannot wear most types of armour.
You are amphibious.
You can wear up to eight rings at the same time.
Your skin changes colour to match your surroundings (Stealth+).
Your rubbery body absorbs attacks. (AC +1, EV +1)
((You are camouflaged when in or above water. (Stealth+)))
You have tentacles for arms and can constrict up to eight enemies at once.


Message History

You feel drained.
You tentacle-slap something.
Your tentacle spike misses something.
Your transformation is almost over.
You tentacle-slap the orc. Your grab misses the orc.
You pierce the orc, but do no damage.
The orc is lightly wounded.
Something hits you.
You feel drained. The orc closely misses you.
You tentacle-slap the orc. Your grab misses the orc.
You pierce the orc!
You feel a bit better.
You kill the orc!
Something hits you.
You feel drained.
An orc and an adder come into view.
The orc shouts!
The adder hisses angrily.
You hear an angry hiss.
An adder comes into view.
Something hits you.
You feel drained.
Things that are here:
a +0 club; an orc corpse Something hits you.
You feel drained.
You howl as the wereblood boils in your veins!
The orc hits you with a +0 war axe. Something hits you.
You feel drained.
You closely miss the orc. Your grab misses the orc.
You pierce the orc.
Your squeeze misses the orc.
The orc is severely wounded.
An orc comes into view. It is wielding a +0 club.
Something hits you but does no damage.
You feel drained. The orc hits you with a +0 war axe.
You tentacle-slap the orc.
You feel a bit better.
You kill the orc!
You hear some strange, mumbled words.
A magic dart appears from out of thin air!
The magic dart hits you.
* * * LOW HITPOINT WARNING * * *
The adder bites you.
* * * LOW HITPOINT WARNING * * *
You are lethally poisoned!
The adder poisons you!
You closely miss something.
Your tentacle spike misses something.
You squeeze something.
You howl as the wereblood boils in your veins!
You die...

#...........
#......#.#
###.########.
########.#
#.....##.. .#
#.#.####.####
#.._..#.....
###.#.##...
#.....#.So
###.####S#
#....#@#
####.{.#
###.# #.# #.#
#.# ..# ###


You could see 2 adders and an orc.

Vanquished Creatures
  Natasha (D:3)
  3 adders (D:2)
  A gnoll (D:1)
  4 dart slugs
  2 orcs (D:3)
  2 ball pythons (D:1)
  5 endoplasms
  2 giant cockroaches
  A goblin (D:1)
  4 hobgoblins (D:2)
  7 jackals
  6 kobolds
  5 quokkas
  2 bats (D:1)
  2 frilled lizards
  5 rats
52 creatures vanquished.

Notes
Turn   | Place    | Note
-------+----------+-------------------------------------------
     0 | D:1      | wormed the Octopode Transmuter began the quest for the Orb.
     0 | D:1      | Reached XP level 1. HP: 13/13 MP: 3/3
    83 | D:1      | Reached XP level 2. HP: 12/18 MP: 3/5
   370 | D:1      | Reached XP level 3. HP: 20/23 MP: 4/6
   376 | D:1      | Learned a level 2 spell: Wereblood
   935 | D:2      | Reached XP level 4. HP: 26/28 MP: 3/7
   978 | D:2      | Reached skill level 1 in Ice Magic
  2111 | D:3      | Noticed Natasha
  2123 | D:3      | Killed Natasha
  2124 | D:3      | Reached XP level 5. HP: 19/34 MP: 2/8
  2264 | D:3      | Found an opulent altar of Gozag.
  2295 | D:3      | Succumbed to an adder's poison

Illustrated notes

Levels and vault maps discovered:
D:1:      lordsloth_arrival_two_stooges, layout_basic,
          nicolae_concentric_dashed_squares_wild
D:2:      layout_loops_corners, minmay_liquid_box
D:3:      layout_basic, nicolae_gozag_cash_rules_everything_around_me,
          mainiacjoe_overflow_alcove_4, tgw_fedhas, uniq_jessica, uniq_natasha

Skill      XL: |  1  2  3  4 |
---------------+-------------+-----
Ice Magic      | 1 |  1.2
Transmutations | 3 |  3.2
Fighting       | |  1.9
Dodging        | |  2.5
Unarmed Combat | |  3.4
Spellcasting   | |  2.5

Action                   |  1- 3 |  4- 6 || total
-------------------------+-------+-------++-------
Melee: Unarmed           |    54 |    54 ||   108
       Tentacles         |    14 |     9 ||    23
       Kick              |    17 |    22 ||    39
       Constrict         |    17 |    15 ||    32
       Punch             |     2 |       ||     2
 Cast: Beastly Appendage |    17 |    16 ||    33
       Wereblood         |     7 |    12 ||    19
 Stab: Sleeping          |     2 |     1 ||     3
Armor: Skin              |     5 |     4 ||     9
Dodge: Dodged            |    37 |    18 ||    55

Table legend: (Time is in decaauts)
 A = Elapsed time spent in this place.
 B = Non-inter-level travel time spent in this place.
 C = Inter-level travel time spent in this place.
 D = Time resting spent in this place.
 E = Time spent auto-exploring this place.
 F = Levels seen in this place.
 G = Mean time per level.
                   A        B        C        D        E       F      G
               +--------+--------+--------+--------+--------+-----+--------+
         Total |   2288 |   2270 |     18 |      0 |   1948 |   3 |  762.7 |
       Dungeon |   2288 |   2270 |     18 |      0 |   1948 |   3 |  762.7 |
               +--------+--------+--------+--------+--------+-----+--------+

Top non-repeatable levels by time:
     D:2: 1200 daAuts
     D:1: 746 daAuts
     D:3: 342 daAuts
